 Dungeon Crawl Stone Soup version 0.24-a0-22-g2a401c0 (console) character file.

Game seed: 6621592469099533188

727 Duffy the Shield-Bearer (level 8, -2/62 HPs)
             Began as a Formicid Fighter on Feb 1, 2019.
             Slain by an orc warrior
             ... wielding a +0 great sword
              (7 damage)
             ... on level 5 of the Dungeon.
             The game lasted 00:05:15 (4118 turns).

Duffy the Shield-Bearer (Formicid Fighter)          Turns: 4118, Time: 00:05:16

Health: -2/62      AC:  6    Str: 27    XL:     8   Next: 3%
Magic:  8/8        EV:  9    Int:  8    God:
Gold:   93         SH: 11    Dex: 12    Spells: 7/7 levels left

rFire    . . .     SeeInvis +   a - +0 war axe
rCold    . . .     Gourm    .   c - +0 shield
rNeg     . . .     Faith    .   b - +0 scale mail
rPois    .         Spirit   .   (helmet unavailable)
rElec    .         Reflect  .   (no cloak)
rCorr    .         Harm     .   (no gloves)
MR       .....                  (no boots)
Stlth    ..........             (no amulet)
HPRegen  0.20/turn              p - +3 ring of slaying
MPRegen  0.11/turn              o - +6 ring of strength

@: no status effects
A: permanent stasis, dig shafts and tunnels, four strong arms, antennae 3
a: Dig, Shaft Self


You were on level 5 of the Dungeon.
You were not hungry.

You visited 1 branch of the dungeon, and saw 6 of its levels.

You collected 153 gold pieces.
You spent 60 gold pieces at shops.

Inventory:

Hand Weapons
 a - a +0 war axe (weapon)
 t - a +0 blowgun
Armour
 b - a +0 scale mail (worn)
 c - a +0 shield (worn)
Jewellery
 j - an uncursed ring of flight
 o - a +6 ring of strength (right hand)
 p - a +3 ring of slaying (left hand)
 s - an uncursed ring of magical power
Wands
 r - a wand of random effects (6)
Scrolls
 e - 3 scrolls of fear {unknown}
 h - 2 scrolls of enchant weapon {unknown}
 l - 4 scrolls of identify {unknown}
 n - 2 scrolls of teleportation {unknown}
 q - 4 scrolls of remove curse {unknown}
 u - a scroll of blinking {unknown}
 v - a scroll of amnesia {unknown}
 y - a scroll of magic mapping {unknown}
Potions
 d - a potion of might
 g - 6 potions of heal wounds {unknown}
 i - a potion of brilliance {unknown}
 k - a potion of magic {unknown}
 m - a potion of lignification {unknown}
 w - a potion of curing
 x - a potion of berserk rage {unknown}
 A - a potion of ambrosia {unknown}
 B - a potion of mutation {unknown}
Comestibles
 f - 6 rations
 z - 5 chunks of flesh


   Skills:
 - Level 5.0 Fighting
 + Level 5.5 Axes
 - Level 3.2 Armour
 + Level 7.3 Shields


You had 7 spell levels left.
You didn't know any spells.
Your spell library was empty.

Dungeon Overview and Level Annotations

Branches:
Dungeon (6/15)
 Temple: D:4-7

Altars:
Vehumet
Zin

Shops:
D:4 *


Innate Abilities, Weirdness & Mutations

You cannot be hasted, slowed, berserked, paralysed or teleported.
You can dig through walls and to a lower floor.
Your four strong arms can wield two-handed weapons with a shield.
You have a pair of large antennae on your head. (SInv)


Message History

You are too injured to fight recklessly!
You are too injured to fight recklessly!
You hit the orc warrior but do no damage.
The orc warrior is moderately wounded.
The orc warrior hits you with a +0 great sword.
You slash the orc warrior!
The orc warrior is heavily wounded.
You block the orc warrior's attack.
You closely miss the orc warrior.
The orc warrior is heavily wounded.
The orc warrior hits you with a +0 great sword!!
You hit the orc warrior.
The orc warrior is severely wounded.
You barely miss the orc warrior.
The orc warrior is severely wounded.
You block the orc warrior's attack.
You barely miss the orc warrior.
The orc warrior is severely wounded.
The orc warrior hits you with a +0 great sword!
You die...

..# ..###
..#. ##
... ###.
..## ...
.$.#
#o##..#.#
#.@[...#
#.##..#.#
... ..#
###. #.#
#. .# #.
.# #. #
#.


You could see an orc warrior.

Vanquished Creatures
  A hungry ghost (D:4)
  An ogre (D:4)
  A scorpion (D:4)
  A wight (D:5)
  A crimson imp (D:4)
  A hound (D:4)
  A bullfrog skeleton (D:3)
  Ijyb (D:3)
  Natasha (thrice) (D:3)
  2 orc wizards
  A worker ant (D:4)
  8 adders
  A dart slug (D:1)
  2 worms (D:2)
  2 leopard geckos (D:2)
  7 orcs
  5 giant cockroaches
  11 goblins
  4 hobgoblins
  2 jackals (D:4)
  6 kobolds
  2 quokkas (D:4)
  A ball python (D:3)
  11 bats
  5 frilled lizards
  9 rats
90 creatures vanquished.

Notes
Turn   | Place    | Note
-------+----------+-------------------------------------------
     0 | D:1      | Duffy the Formicid Fighter began the quest for the Orb.
     0 | D:1      | Reached XP level 1. HP: 18/18 MP: 1/1
    86 | D:1      | Reached XP level 2. HP: 24/24 MP: 2/2
   207 | D:1      | Reached skill level 4 in Shields
   627 | D:1      | Reached XP level 3. HP: 30/30 MP: 3/3
  1182 | D:2      | Found a glowing silver altar of Zin.
  1554 | D:2      | Reached XP level 4. HP: 36/37 MP: 4/4
  2118 | D:3      | Noticed Natasha
  2136 | D:3      | Killed Natasha
  2136 | D:3      | Reached XP level 5. HP: 20/43 MP: 5/5
  2337 | D:3      | Noticed Ijyb
  2354 | D:3      | Killed Ijyb
  2354 | D:3      | Reached skill level 5 in Shields
  2365 | D:3      | Found a radiant altar of Vehumet.
  2584 | D:3      | Reached XP level 6. HP: 36/49 MP: 6/6
  3114 | D:3      | Noticed Natasha
  3119 | D:3      | Killed Natasha
  3119 | D:3      | Reached skill level 5 in Fighting
  3152 | D:3      | Noticed Natasha
  3157 | D:3      | Killed Natasha
  3418 | D:4      | Reached skill level 6 in Shields
  3418 | D:4      | Reached XP level 7. HP: 53/56 MP: 7/7
  3451 | D:4      | Found Jiysiugh's Assorted Antiques.
  3458 | D:4      | Bought a fizzy brown potion for 28 gold pieces
  3458 | D:4      | Bought a scroll labeled GAUPTOR CULINN for 32 gold pieces
  3831 | D:4      | Noticed a hungry ghost
  3847 | D:4      | Killed a hungry ghost
  3847 | D:4      | Reached skill level 5 in Axes
  3847 | D:4      | Reached skill level 7 in Shields
  4073 | D:4      | You fall through a shaft for 2 floors!
  4087 | D:5      | Entered Level 5 of the Dungeon
  4088 | D:5      | Reached XP level 8. HP: 62/62 MP: 8/8
  4118 | D:5      | Slain by an orc warrior

Vault maps used:
D:1:      dpeg_arrival_boxes_within_box
D:2:      minmay_chambers_of_twos, zin_academy, grunt_decor_cap,
          kennysheep_generic_room_15
D:3:      nicolae_overflow_crystal_walls, uniq_ijyb, uniq_natasha
D:4:      serial_shops, kennysheep_mini_moat, first_ration,
          makhleb_blood_cavern_becter
D:5:      kennysheep_little_box, grunt_qazlal_sundering,
          kennysheep_generic_room_14
D:6:      minmay_temple_entry_drinking_statues, sword_in_stone

Skill      XL: |  1  2  3  4  5  6  7 |
---------------+----------------------+-----
Shields        | 4 5 6 7 |  7.3
Fighting       | 4 5 |  5.0
Axes           | 3 4 5 |  5.5
Armour         | |  3.2

Action                   |  1- 3 |  4- 6 |  7- 9 || total
-------------------------+-------+-------+-------++-------
Melee: War axe           |    94 |   146 |    54 ||   294
 Abil: Dig               |     1 |     4 |     1 ||     6
  Use: Potion            |     1 |       |       ||     1
  Eat: Chunk             |     2 |     7 |     4 ||    13
Armor: Scale mail        |    42 |    50 |     6 ||    98
Dodge: Dodged            |    42 |    45 |     9 ||    96
Block: Shield            |    45 |   103 |    27 ||   175

Table legend:
 A = Non-vault XP
 B = Vault XP
 C = Vault XP percentage of total XP
 D = Non-vault monster count
 E = Vault monster count
 F = Vault count percentage of total count
                 A         B        C        D         E       F
            +---------+---------+-------+---------+---------+-------
      Total |     849 |     190 |  18.3 |      77 |      13 |  14.4
            +---------+---------+-------+---------+---------+-------
        D:1 |      38 |       0 |   0.0 |      21 |       0 |   0.0
        D:2 |      60 |      20 |  25.0 |      15 |       9 |  37.5
        D:3 |     222 |      71 |  24.2 |      25 |       2 |   7.4
        D:4 |     529 |      42 |   7.4 |      16 |       1 |   5.9
        D:5 |       0 |      57 | 100.0 |       0 |       1 | 100.0
            +---------+---------+-------+---------+---------+-------
